Map: [ESL] Hard Lead

Players

Reynor - Winner!

  • Race: Protoss Protoss
  • League: Master
  • Spawn Location: 5:00

Mixu

  • Race: Zerg Zerg
  • League: Grandmaster
  • Spawn Location: 11:00

Event: HomeStory Cup XXIV

VOD

Have the link to the VOD?

Description

Time

  • Played on: Dec. 2, 2023, 1:31 p.m.
  • Length: 16:15

All games in this series

Show
View Real Time Build Order
Export as new Build Order

Reynor Protoss - Winner!

Build Orders: 1 Gate Expand, Oracle Opening, Archon Immortal 

Get SALT Encoding   

  12  0:00  Probe  
  13  0:12  Probe  
  14  0:18  Pylon  
  14  0:24  Probe  
  15  0:36  Probe (Chrono Boost)  
  16  0:43  Gateway  
  16  0:46  Probe (Chrono Boost)  
  16  0:49  Assimilator  
  17  0:52  Probe  
  18  1:04  Probe  
  19  1:16  Probe  
  20  1:26  Nexus  
  20  1:37  Cybernetics Core  
  20  1:40  Probe  
  20  1:47  Assimilator  
  21  1:52  Probe  
  22  1:58  Pylon  
  22  2:04  Probe  
  23  2:13  Adept (Chrono Boost)  
  23  2:20  Stargate, Probe  
  26  2:29  Warp Gate  
  26  2:34  Probe (Chrono Boost), Adept (Chrono Boost)  
  29  2:39  Probe (Chrono Boost)  
  30  2:49  Probe x2 (Chrono Boost)  
  32  2:54  Probe (Chrono Boost)  
  32  2:56  Probe  
  34  3:03  Adept  
  34  3:05  Probe  
  37  3:06  Oracle (Chrono Boost)  
  37  3:08  Probe  
  41  3:17  Gateway, Probe  
  42  3:20  Probe  
  43  3:29  Probe  
  43  3:33  Probe  
  43  3:39  Adept  
  43  3:40  Oracle (Chrono Boost)  
  43  3:42  Pylon  
  46  3:53  Nexus  
  46  3:57  Pylon  
  46  4:00  Probe x2  
  47  4:07  Oracle (Chrono Boost)  
  47  4:12  Probe x2  
  47  4:17  Adept x2  
  54  4:22  Pylon  
  56  4:24  Probe x2  
  58  4:32  Assimilator x2  
  58  4:36  Probe x2  
  60  4:49  Robotics Facility, Probe x2  
  62  4:57  Forge  
  62  4:59  Gateway  
  62  5:00  Gateway  
  62  5:01  Probe x2  
  64  5:08  Probe  
  64  5:10  Adept x2  
  64  5:13  Probe x2  
  69  5:20  Probe  
  68  5:25  Shield Battery  
  68  5:27  Probe  
  69  5:32  Probe  
  69  5:33  Sentry x2  
  69  5:34  Probe  
  75  5:39  Probe  
  73  5:45  Protoss Ground Weapons Level 1 (Chrono Boost), Probe  
  73  5:46  Probe  
  73  5:48  Immortal (Chrono Boost)  
  75  5:52  Probe  
  75  5:57  Probe  
  81  5:58  Probe  
  81  6:00  Pylon  
  81  6:01  Pylon  
  81  6:02  Assimilator x2  
  81  6:03  Stalker  
  81  6:04  Probe, Stalker  
  85  6:09  Probe  
  85  6:11  Probe  
  86  6:18  Probe  
  86  6:21  Stalker x2  
  86  6:24  Probe  
  91  6:25  Pylon  
  91  6:26  Robotics Bay  
  91  6:27  Probe  
  92  6:36  Observer (Chrono Boost), Photon Cannon  
  92  6:37  Shield Battery  
  93  6:41  Adept  
  93  6:42  Nexus  
  93  6:43  Pylon  
  95  6:47  Gateway x2  
  95  6:50  Twilight Council  
  95  6:52  Gateway  
  95  6:53  Gateway  
  95  6:59  Photon Cannon  
  95  7:00  Shield Battery  
  95  7:03  Probe x3  
  95  7:07  Photon Cannon  
  98  7:09  Shield Battery  
  98  7:11  Pylon  
  98  7:15  Probe x3  
  100  7:17  Colossus (Chrono Boost)  
  100  7:19  Extended Thermal Lance (Chrono Boost)  
  107  7:26  Protoss Ground Weapons Level 2 (Chrono Boost)  
  107  7:27  Probe  
  107  7:29  Gateway  
  108  7:30  Gateway, Blink (Chrono Boost)  
  108  7:32  Pylon  
  108  7:43  Photon Cannon, Probe x2  
  110  7:45  Photon Cannon  
  110  7:46  Shield Battery  
  110  7:47  Probe  
  111  7:56  Templar Archives, Pylon  
  111  7:57  Stalker x2  
  111  7:58  Stalker  
  117  8:01  Stalker  
  117  8:02  Probe x2  
  117  8:03  Probe x2  
  123  8:14  Probe x2  
  123  8:16  Colossus (Chrono Boost)  
  125  8:20  Assimilator x2, Probe x2  
  125  8:23  Forge  
  125  8:27  Pylon, Probe  
  134  8:28  Robotics Facility  
  134  8:31  Probe  
  135  8:34  Probe  
  135  8:37  Probe  
  135  8:40  Photon Cannon  
  137  8:41  Shield Battery  
  137  8:42  Pylon  
  137  8:45  High Templar  
  137  8:46  High Templar  
  141  8:50  Archon  
  141  8:55  Photon Cannon x2, Stalker  
  143  9:01  Protoss Shields Level 1 (Chrono Boost)  
  143  9:08  Pylon  
  143  9:09  Nexus  
  147  9:12  Immortal (Chrono Boost)  
  147  9:16  Photon Cannon  
  147  9:17  High Templar x2  
  149  9:18  Pylon  
  151  9:26  Archon, Protoss Ground Weapons Level 3 (Chrono Boost)  
  151  9:27  Immortal (Chrono Boost)  
  151  9:29  Photon Cannon  
  151  9:31  Photon Cannon, Charge (Chrono Boost)  
  155  9:32  Shield Battery  
  155  9:34  Shield Battery  
  155  9:39  Probe x3, Pylon  
  155  9:40  Probe  
  155  9:42  Photon Cannon  
  159  9:51  Probe  
  164  9:54  Immortal (Chrono Boost)  
  164  9:57  High Templar x2  
  168  10:01  Immortal (Chrono Boost)  
  168  10:07  Probe x2  
  174  10:09  Probe  
  174  10:10  Assimilator  
  175  10:14  Assimilator  
  177  10:30  High Templar x2  
  177  10:31  Immortal  
  177  10:33  Archon  
  177  10:34  Immortal (Chrono Boost)  
  181  10:50  Zealot x8, Protoss Shields Level 2 (Chrono Boost)  
  197  11:00  Shield Battery  
  197  11:01  Shield Battery  
  197  11:03  Pylon  
  193  11:05  Zealot x2  
  193  11:06  Probe x3  
  196  11:16  Pylon  
  181  11:35  Zealot x7  
  195  11:46  Pylon  
  183  11:48  Pylon  
  183  11:50  Immortal (Chrono Boost)  
  183  11:53  Immortal (Chrono Boost)  
  149  11:55  High Templar x7  
  161  12:01  Archon x2  
  161  12:02  Archon  
  161  12:05  Robotics Facility  
  161  12:07  Robotics Facility  
  161  12:08  Pylon  
  160  12:24  Colossus (Chrono Boost)  
  154  12:30  Nexus  
  154  12:31  Zealot x8  
  154  12:32  Zealot x2  
  154  12:33  Photon Cannon  
  154  12:34  Photon Cannon  
  154  12:36  Shield Battery  
  170  12:39  Immortal (Chrono Boost)  
  166  12:58  Zealot x4  
  166  13:00  Probe x2  
  166  13:02  Probe x2  
  172  13:07  High Templar x2  
  174  13:14  Immortal (Chrono Boost)  
  174  13:15  High Templar x2  
  174  13:16  Archon  
  178  13:20  Observer  
  182  13:28  Observer (Chrono Boost)  
  154  13:37  Zealot x6  
  154  13:41  Immortal x2 (Chrono Boost)  
  172  13:43  Stalker x2  
  180  13:49  Immortal (Chrono Boost)  
  180  13:54  Psionic Storm  
  180  14:08  Zealot  
  180  14:09  Zealot x4  
  182  14:10  Stalker  
  163  14:24  Zealot x4  
  163  14:25  Immortal x2  
  169  14:31  Zealot  
  169  14:32  Zealot x2  
  175  14:39  Pylon  
  175  14:40  Pylon  
  175  14:45  Zealot  
  175  14:46  Zealot  
  175  14:47  Pylon  
  176  14:57  Observer x2  
  176  15:01  High Templar x2  
  176  15:02  High Templar x2  
  176  15:04  Immortal  
  176  15:06  Archon x2  
  182  15:10  Immortal  
  182  15:15  Nexus  
  182  15:16  Photon Cannon  
  182  15:18  Shield Battery  
  182  15:19  High Templar x2, Immortal  
  188  15:25  Zealot x2  
  182  15:40  Zealot x2  
  182  15:41  Zealot x2  
  157  16:00  Probe x4  
  159  16:09  Zealot x8  
Show
View Real Time Build Order
Export as new Build Order

Mixu Zerg 

Build Orders: Hatch First, Lurkers 

Get SALT Encoding   

  12  0:00  Drone  
  13  0:12  Overlord  
  13  0:17  Drone  
  14  0:30  Drone x2  
  16  0:42  Drone  
  17  0:51  Hatchery  
  17  0:55  Drone  
  17  0:58  Drone  
  18  1:09  Extractor  
  17  1:14  Spawning Pool  
  17  1:16  Drone  
  17  1:20  Drone  
  18  1:29  Drone  
  19  1:38  Drone  
  20  1:50  Overlord  
  20  2:01  Queen  
  20  2:02  Queen  
  20  2:03  Drone  
  20  2:04  Zergling x2  
  26  2:10  Zergling x2  
  26  2:13  Metabolic Boost  
  27  2:16  Drone  
  28  2:23  Drone  
  28  2:25  Drone  
  30  2:40  Drone, Hatchery  
  30  2:47  Queen  
  32  2:52  Overlord  
  32  2:55  Drone  
  32  2:57  Drone  
  33  2:59  Zergling x2  
  33  3:03  Zergling x2  
  35  3:08  Overlord  
  35  3:11  Zergling x2  
  35  3:12  Zergling x2  
  37  3:16  Queen  
  39  3:20  Drone x2  
  39  3:26  Drone  
  41  3:29  Evolution Chamber  
  39  3:35  Spore Crawler, Overlord  
  39  3:41  Drone x3  
  42  3:45  Drone x3  
  46  3:48  Drone  
  46  3:50  Spore Crawler  
  46  3:51  Drone  
  47  3:56  Drone  
  47  3:59  Drone  
  48  4:04  Drone x3  
  48  4:08  Queen  
  54  4:10  Drone  
  54  4:11  Drone  
  54  4:12  Drone  
  54  4:17  Drone x2  
  58  4:21  Overlord  
  58  4:27  Spore Crawler  
  58  4:29  Drone x4  
  61  4:31  Drone x2  
  61  4:34  Spore Crawler  
  60  4:41  Spore Crawler  
  56  4:47  Drone x3  
  56  4:50  Drone x3  
  60  4:54  Drone x2  
  60  4:56  Drone x2  
  62  5:03  Drone x2  
  63  5:08  Drone x3  
  63  5:11  Evolution Chamber  
  65  5:16  Drone x3  
  65  5:19  Drone x5  
  74  5:26  Roach Warren  
  74  5:27  Evolution Chamber  
  72  5:29  Lair  
  72  5:39  Hatchery  
  72  5:41  Drone x4  
  72  5:42  Extractor  
  71  5:44  Zergling x2  
  71  5:48  Drone  
  69  5:54  Drone  
  69  5:55  Zergling x4  
  72  5:59  Drone x2  
  72  6:00  Extractor x2  
  71  6:05  Drone x3  
  71  6:08  Extractor, Overlord x4  
  71  6:11  Zerg Missile Weapons Level 1  
  73  6:18  Overlord  
  73  6:28  Drone x3, Glial Reconstitution  
  73  6:29  Drone  
  73  6:30  Drone x2  
  73  6:31  Overlord  
  79  6:33  Extractor  
  79  6:34  Drone x3  
  79  6:37  Queen  
  79  6:39  Roach x3  
  89  6:43  Roach  
  89  6:44  Roach  
  93  6:48  Drone x2  
  93  6:52  Infestation Pit  
  94  6:54  Drone  
  94  6:56  Drone x2, Hydralisk Den  
  94  6:57  Drone x2  
  94  6:59  Drone  
  99  7:03  Drone x2  
  101  7:08  Drone x4  
  101  7:09  Drone x3  
  101  7:11  Drone x2  
  101  7:15  Overlord  
  110  7:17  Extractor  
  110  7:20  Roach x3  
  115  7:23  Zergling x8  
  115  7:26  Grooved Spines  
  115  7:29  Lurker Den  
  118  7:31  Extractor, Hive  
  118  7:35  Roach x3  
  123  7:38  Overlord  
  123  7:44  Hydralisk x3  
  121  7:48  Overlord x4  
  125  7:55  Overseer  
  125  7:58  Hydralisk x5  
  125  8:03  Drone  
  125  8:05  Overlord x2, Spine Crawler  
  135  8:17  Drone  
  135  8:18  Zerg Missile Weapons Level 2  
  136  8:20  Overlord  
  136  8:25  Hatchery  
  135  8:28  Hydralisk  
  135  8:29  Hydralisk x6  
  135  8:32  Roach x2  
  153  8:34  Roach x2  
  153  8:38  Roach  
  163  8:47  Lurker x5  
  168  8:50  Viper  
  168  8:52  Drone x5  
  168  8:53  Drone  
  173  8:58  Overlord  
  173  8:59  Seismic Spines  
  172  9:10  Spore Crawler  
  172  9:11  Spore Crawler  
  170  9:22  Viper  
  170  9:23  Lurker x3  
  176  9:24  Hydralisk  
  176  9:26  Extractor  
  176  9:28  Extractor  
  176  9:30  Hydralisk x3  
  182  9:33  Zergling x6  
  185  9:39  Drone x3  
  185  9:40  Spine Crawler x2  
  185  9:41  Spine Crawler  
  185  9:42  Lurker x2, Spine Crawler x2  
  185  9:44  Overseer  
  185  9:45  Hydralisk  
  187  9:54  Hydralisk  
  187  9:55  Hydralisk x3  
  197  10:02  Spore Crawler  
  197  10:04  Lurker x2  
  198  10:19  Viper  
  192  10:36  Zerg Missile Weapons Level 3, Adaptive Talons  
  192  10:37  Muscular Augments  
  192  10:39  Lurker x4  
  192  10:41  Zergling x12  
  200  10:42  Hatchery  
  197  10:52  Lurker  
  197  10:53  Hydralisk  
  200  10:59  Pneumatized Carapace  
  184  11:06  Hydralisk x6  
  180  11:15  Hydralisk x9  
  180  11:17  Hydralisk  
  196  11:31  Viper  
  194  11:33  Hydralisk x3  
  192  11:40  Hydralisk x4  
  192  11:41  Hydralisk  
  175  11:48  Hydralisk x3  
  175  11:53  Hydralisk x2  
  158  11:57  Hydralisk x2  
  158  11:59  Zergling x2  
  158  12:00  Zergling x8  
  165  12:06  Hydralisk x4  
  173  12:14  Extractor, Hydralisk x3  
  175  12:16  Drone  
  175  12:17  Drone  
  177  12:24  Hydralisk x5, Extractor  
  177  12:26  Extractor  
  177  12:29  Lurker  
  178  12:34  Hydralisk x3  
  174  12:38  Hydralisk x2  
  174  12:39  Queen  
  178  12:47  Hydralisk x2  
  178  12:48  Hydralisk x3  
  178  12:51  Hydralisk x2, Spine Crawler  
  188  12:53  Spine Crawler  
  188  12:54  Spine Crawler  
  188  12:56  Hydralisk x3  
  172  13:09  Roach x5  
  171  13:14  Roach x2  
  175  13:22  Drone  
  175  13:25  Roach x4  
  184  13:33  Roach x5  
  174  13:41  Lurker  
  174  13:42  Lurker  
  174  13:45  Roach x5  
  174  13:47  Lurker  
  187  13:52  Lurker x3  
  187  13:55  Drone x2  
  178  14:13  Hydralisk x5  
  168  14:26  Hydralisk x3  
  166  14:35  Drone x4  
  166  14:36  Lurker  
  171  14:42  Lurker  
  171  14:43  Lurker  
  173  14:45  Hydralisk  
  173  14:46  Hydralisk  
  173  14:52  Hydralisk x2  
  167  15:03  Roach x3  
  167  15:06  Hydralisk  
  157  15:10  Drone x2  
  152  15:14  Hydralisk  
  152  15:23  Lurker x3  
  149  15:39  Hydralisk x2  
  141  15:45  Drone x4  
  135  15:50  Drone x2  
Tags
 
Add a new tag
Caveats
  • Supply blocks, unpowered buildings, or Contaminate may cause inaccurate times.
  • Supply counts are checked every 10 seconds.